 Dungeon Crawl Stone Soup version 0.17-a0-1714-g35622ae (webtiles) character file.

212 kae the Slasher (level 5, 0/45 HPs)
             Began as a Minotaur Fighter on Aug 23, 2015.
             Was an Initiate of Qazlal.
             Slain by an orc
             ... wielding a +0 hand axe
              (2 damage)
             ... on level 3 of the Dungeon.
             The game lasted 00:01:11 (1582 turns).

kae the Slasher (Minotaur Fighter)                  Turns: 1582, Time: 00:01:11

Health: 0/45       AC:  6    Str: 20    XL:     5   Next: 58%
Magic:  4/4        EV:  7    Int:  6    God:    Qazlal [......]
Gold:   95         SH:  9    Dex: 10    Spells: 0 memorised, 4 levels left

rFire  . . .     SeeInvis .     a - +0 long sword
rCold  . . .     Clarity  .     b - +0 scale mail
rNeg   . . .     SustAt   .     c - +0 shield
rPois  .         Gourm    .     (helmet restricted)
rElec  .         Spirit   .     (no cloak)
rCorr  .         Warding  .     (no gloves)
rMut   .         Stasis   .     (no boots)
MR     .....                    (no amulet)
Stlth  ..........               (no ring)
                                (no ring)

@: lethally poisoned (0 -> -21), not resistant to hostile enchantments,
extremely unstealthy
A: retaliatory headbutt, horns 2
a: Renounce Religion


You were on level 3 of the Dungeon.
You worshipped Qazlal.
Qazlal was noncommittal.
You were hungry.

You visited 1 branch of the dungeon, and saw 3 of its levels.

You collected 95 gold pieces.

Inventory:

Hand weapons
 a - a +0 long sword (weapon)
Armour
 b - a +0 scale mail (worn)
 c - a +0 shield (worn)
Jewellery
 h - an uncursed amulet of the gourmand {unknown}
Scrolls
 f - 2 scrolls of fear {unknown}
 j - a scroll of amnesia {unknown}
 p - a scroll of remove curse {unknown}
Potions
 d - a potion of might
 g - 2 potions of curing {unknown}
 k - a potion of invisibility {unknown}
 l - a potion of cure mutation {unknown}
 m - a potion of beneficial mutation {unknown}
 n - a potion of poison {unknown}
 o - a potion of brilliance {unknown}
 r - a potion of degeneration {unknown}
Comestibles
 e - 2 bread rations
 i - 4 fruits
 q - a meat ration


   Skills:
 - Level 3.6 Fighting
 + Level 7.1 Long Blades
 - Level 3.6 Armour
 - Level 3.6 Shields


You had 4 spell levels left.
You didn't know any spells.

Dungeon Overview and Level Annotations

Branches:
Dungeon (3/15)

Altars:
Qazlal


Innate Abilities, Weirdness & Mutations

You reflexively headbutt those who attack you in melee.
You have a pair of horns on your head.


Message History

You barely miss the orc. You headbutt the orc.
The orc is moderately wounded.
* * * LOW HITPOINT WARNING * * *
You feel very sick. The orc hits you with a hand axe.
* * * LOW HITPOINT WARNING * * *
You completely miss the orc. Your headbutt misses the orc.
The orc is moderately wounded.
* * * LOW HITPOINT WARNING * * *
You feel sick. You block the orc's attack.
You closely miss the orc. Your headbutt misses the orc.
The orc is moderately wounded.
* * * LOW HITPOINT WARNING * * *
You feel very sick. The orc hits you but does no damage.
You barely miss the orc.
The orc is moderately wounded.
* * * LOW HITPOINT WARNING * * *
You feel sick. The orc hits you with a hand axe.
You die...

### #.#.##
###.#######.#.#
##
#....†......#.#
.
#.#.#######.#.#
#.#.#.# #.#.#
#.#.#.# #.#.#
#....# ....#
#.#.### .####
#.#@# . . #o#
#....)))#
#....#.#.# .
...#.##.#... #
.# #. #.# ### #
#.# #.# #.# #..
#.# ..


You could see an orc.

Vanquished Creatures
  2 orc wizards (D:3)
  A gnoll (D:1)
  5 adders
  An ooze (D:2)
  4 worms
  A giant gecko (D:2)
  9 orcs (D:3)
  3 giant cockroaches
  13 goblins
  4 hobgoblins
  2 quokkas
  2 ball pythons (D:1)
  8 bats
  3 giant newts
  8 jackals
  10 kobolds
  6 rats
82 creatures vanquished.

Notes
Turn   | Place    | Note
--------------------------------------------------------------
     0 | D:1      | kae the Minotaur Fighter began the quest for the Orb.
     0 | D:1      | Reached XP level 1. HP: 19/19 MP: 0/0
    73 | D:1      | Reached XP level 2. HP: 24/26 MP: 1/1
   225 | D:1      | Reached skill level 4 in Long Blades
   317 | D:1      | Reached XP level 3. HP: 25/31 MP: 2/2
   644 | D:2      | Reached skill level 5 in Long Blades
   668 | D:2      | Reached XP level 4. HP: 25/39 MP: 3/3
  1199 | D:2      | Reached skill level 6 in Long Blades
  1348 | D:3      | Reached XP level 5. HP: 40/45 MP: 4/4
  1371 | D:3      | Reached skill level 7 in Long Blades
  1398 | D:3      | Found a stormy altar of Qazlal.
  1497 | D:3      | Became a worshipper of Qazlal Stormbringer
  1582 | D:3      | HP: 2/45 [poisoned by an orc wizard]
  1582 | D:3      | Slain by an orc

Vault maps used:
D:1:      scummos_arrival_checkerplants
D:2:      minmay_misc_feat_x
D:3:      lemuel_coloured_pillars_altar, cheibrodos_gnoll_hut

Action                   |  1- 3 |  4- 6 || total
-------------------------+-------+-------++-------
Melee: Long sword        |   100 |   118 ||   218
  Use: Potion            |       |     1 ||     1
  Eat: Fruit             |       |     1 ||     1
       Chunk             |       |     1 ||     1
